 Dungeon Crawl Stone Soup version 0.19.5 (webtiles) character file.

138075 JeffiDaFish the Bludgeoner (level 17, -1/123 HPs)
             Began as a Gargoyle Fighter on Aug 18, 2017.
             Was the Champion of Okawaru.
             Slain by a redback (9 damage)
             ... led by a torpor snail
             ... on level 4 of the Spider Nest on Aug 20, 2017.
             The game lasted 01:20:55 (29196 turns).

JeffiDaFish the Bludgeoner (Gargoyle Fighter)      Turns: 29196, Time: 01:20:56

Health: -1/123     AC: 46    Str: 21 (23) XL:     17   Next: 25%
Magic:  7/22       EV:  8    Int:  9 (10) God:    Okawaru [******]
Gold:   1708       SH:  0    Dex: 15 (18) Spells: 0 memorised, 16 levels left

rFire  . . .     SeeInvis +     G - +3 eveningstar "Wiosur" {freeze, *Noise MR+ Dex+2}
rCold  + . .     Gourm    .     m - +3 plate armour {rN+}
rNeg   + + .     Faith    .     g - +1 shield {reflect}
rPois  ∞         Spirit   .     N - +2 helmet {SInv}
rElec  +         Reflect  +     z - +1 cloak {rC+}
rCorr  .         Harm     .     q - +0 pair of gloves
MR     ++...                    j - +2 pair of boots {run}
Stlth  ..........               (no amulet)
                                x - +3 ring of protection
                                E - +5 ring of evasion

@: about to teleport, flying, held, quick
A: big wings, agile 1, clever 1, negative energy resistance 1, robust 1,
electricity resistance, unbreathing, petrification resistance, rot immunity, AC
+12
a: Stop Flying, Heroism, Finesse, Renounce Religion


You were on level 4 of the Spider Nest.
You worshipped Okawaru.
Okawaru was exalted by your worship.
You were not hungry.

You visited 4 branches of the dungeon, and saw 27 of its levels.
You also visited: Ice Cave.

You collected 2831 gold pieces.
You spent 1123 gold pieces at shops.

Inventory:

Hand Weapons
 A - a +4 morningstar of electrocution
 G - the +3 eveningstar "Wiosur" (weapon) {freeze, *Noise MR+ Dex+2}
   (Okawaru gifted it to you on level 10 of the Dungeon)

   It has been specially enchanted to freeze those struck by it, causing extra
   injury to most foes and up to half again as much damage against particularly
   susceptible opponents.
   It can also slow down cold-blooded creatures.
   It affects your dexterity (+2).
   It affects your resistance to hostile enchantments.
   It may make noises in combat.
Armour
 g - a +1 shield of reflection (worn)
 j - a +2 pair of boots of running (worn)
 m - a +3 plate armour of positive energy (worn)
 q - a +0 pair of gloves (worn)
 z - a +1 cloak of cold resistance (worn)
 N - a +2 helmet of see invisible (worn)
Jewellery
 p - an uncursed ring of protection from cold
 x - a +3 ring of protection (right hand)
 E - a +5 ring of evasion (left hand)
Wands
 l - a wand of iceblast (15/15)
Scrolls
 a - 2 scrolls of magic mapping
 b - 3 scrolls of teleportation
 e - 3 scrolls of fog
 i - 4 scrolls of identify
 s - 2 scrolls of remove curse
 y - 4 scrolls of recharging
 D - 6 scrolls of amnesia
Potions
 k - a potion of berserk rage
 o - 2 potions of magic
 r - 4 potions of curing
 u - 4 potions of brilliance
 v - 3 potions of cure mutation
 C - a potion of resistance
 K - 2 potions of haste
 L - 2 potions of agility
 M - a potion of might
Books
 H - a Young Poisoner's Handbook

   Spells                             Type                      Level
   a - Sting                          Conjuration/Poison           1
   b - Mephitic Cloud                 Conjuration/Poison/Air       3
   c - Olgreb's Toxic Radiance        Poison                       4
   d - Alistair's Intoxication        Transmutation/Poison         5
   e - Venom Bolt                     Conjuration/Poison           5
Comestibles
 c - 7 chunks of flesh
 f - 10 bread rations
 h - 11 meat rations
 n - 41 fruits
 t - 7 beef jerkies
 B - 17 royal jellies
 I - 3 slices of pizza


   Skills:
 * Level 14.4 Fighting
 * Level 15.7 Maces & Flails
 * Level 14.5 Armour
 + Level 8.0 Dodging
 - Level 1.2 Stealth
 * Level 15.3 Shields
 + Level 7.8 Invocations


You had 16 spell levels left.
You didn't know any spells.

Dungeon Overview and Level Annotations

Branches:
Dungeon (15/15)            Temple (0/1) D:6            Lair (6/6) D:9
 Spider (4/4) Lair:3        Slime (0/5) Lair:5          Orc (2/2) D:12
    Elf (0/3) Orc:2        Vaults (0/5) D:14         Depths (0/5) D:15
  Swamp: Lair:2-4    Shoals: Lair:2-4

Altars:
Cheibriados
Dithmenos
Elyvilon
Gozag
Hepliaklqana
Kikubaaqudgha
Makhleb
Okawaru
Qazlal
Ru
Yredelemnul
Beogh

Shops:
D:7 [   D:11 *   Orc:1 [   Orc:2 !(**


Innate Abilities, Weirdness & Mutations

You are resistant to torment.
Your stone body is resilient. (AC +12)
You are immune to poison.
Your large and strong wings let you fly indefinitely.
You resist negative energy. (rN+)
You are resistant to electric shocks. (rElec)
You can survive without breathing.
You are immune to petrification.
You are immune to rotting.
You are agile. (Dex +2)
Your mind is acute. (Int +2)
You are robust. (+10% HP)


Message History

You hear an angry hiss.
The jumping spider pounces on you but does no damage.
The jumping spider bites you but does no damage.
The redback closely misses you. x2; You block the redback's attack.
The jumping spider barely misses you. The jumping spider bites you.
You block the jumping spider's attack.
The jumping spider bites you but does no damage.
The redback closely misses you.
The redback bites you but does no damage.
The redback bites you!!
* * * LOW HITPOINT WARNING * * *
A tarantella comes into view.
As you read the scroll of teleportation, it crumbles to dust.
You feel strangely unstable. The jumping spider pounces on you!
* * * LOW HITPOINT WARNING * * *
You are caught in a web!
The jumping spider closely misses you. The redback bites you.
* * * LOW HITPOINT WARNING * * *
The redback bites you!
You die...

..)...#
##≈≈.≈≈########
.s.... ###≈..##
.#..... ##≈.≈#
...#...## ###.≈# #
.......(# ##.≈..#
## .^..s..†#
##....≈# +.
.......^###.†...##
+.
.......†s......≈#
##
.^^.s..@s...≈≈..≈#
..#...sss...##...#
........###≈##..≈#
......s.# ##.≈.≈##
........# ...≈# ≈
..........## .≈≈##
#≈. .......=...#
≈### #≈.
............ #≈..
...........# ≈≈..≈


You could see 3 orb spiders, 2 jumping spiders, a tarantella and 3 redbacks.

Vanquished Creatures
  Mara (Spider:3)
  Asterion (Spider:1)
  Gastronok (D:8)
  3 ghost moths (Spider:4)
  An orc warlord (Orc:2)
  An entropy weaver (Spider:3)
  An ettin (D:15)
  A vault guard (D:14)
  9 hydras
  2 catoblepae
  2 centaur warriors
  A death knight (D:12)
  2 ogre magi
  4 tengu warriors
  6 death yaks (Lair:5)
  Sonja (D:12)
  5 skeletal warriors (D:12)
  3 unseen horrors
  A deep troll (D:15)
  A deep elf archer (D:14)
  5 hill giants
  A necromancer (IceCv)
  14 orb spiders
  4 orc knights
  20 wolf spiders
  6 ugly things
  7 orc sorcerers
  A manticore (D:14)
  4 centaur zombies
  3 cyclopes
  Maurice (D:11)
  2 moths of wrath
  The ghost of michaelg83 the Chopper, a novice HOFi (D:6)
  Joseph (D:9)
  An ice statue (IceCv)
  2 black mambas
  Psyche (D:9)
  2 torpor snails
  10 spiny frogs
  A gargoyle (D:14)
  6 centaur skeletons
  5 komodo dragons
  An efreet (D:14)
  3 rime drakes (Lair:6)
  12 freezing wraiths
  4 tengu conjurers
  A redback zombie (D:15)
  8 demonic crawlers
  8 trolls
  A queen bee (Lair:4)
  3 meliai (Lair:4)
  19 jumping spiders
  3 polar bears
  7 two-headed ogres
  11 blink frogs
  6 dream sheep (Lair:2)
  6 hornets
  A harpy skeleton (D:15)
  6 hippogriffs
  3 slime creatures (D:12)
  A water elemental (D:15)
  25 tarantellas
  50 redbacks
  13 spriggans
  5 wraiths
  5 basilisks
  33 yaks
  2 wyverns
  2 hungry ghosts
  A steam dragon (D:14)
  Grum (D:9)
  2 mottled dragons
  2 soldier ants
  6 wargs
  8 water moccasins
  8 porcupines
  40 orc warriors
  5 sky beasts
  An alligator simulacrum (IceCv)
  An eye of draining (D:10)
  8 black bears
  12 ice beasts
  4 necrophages
  4 phantoms
  12 ogres
  2 boggarts (Lair:6)
  11 crocodiles
  26 wolves
  11 centaurs
  5 big kobolds
  11 bullfrogs
  A wyvern zombie (D:12)
  A gnoll sergeant (D:3)
  A wyvern skeleton (D:13)
  7 scorpions
  20 killer bees
  2 elephant simulacra (IceCv)
  8 howler monkeys
  12 wights
  2 electric eels (Spider:4)
  6 crimson imps
  A bullfrog zombie (D:5)
  7 draconian simulacra (IceCv)
  A quasit (D:14)
  6 hounds
  8 jellies
  25 orc priests
  2 gnoll shamans (D:3)
  Ijyb (D:3)
  8 worker ants
  Natasha (twice) (D:3)
  2 iguanas
  29 orc wizards
  4 spriggan simulacra (IceCv)
  A wolf simulacrum (IceCv)
  4 centaur simulacra
  2 hound skeletons
  2 mummies (D:10)
  A worker ant zombie (D:8)
  41 gnolls
  10 adders
  3 naga simulacra (IceCv)
  3 ogre simulacra (IceCv)
  A shadow imp (D:10)
  12 white imps (IceCv)
  11 oozes
  4 worms
  4 dart slugs
  3 leopard geckos
  80 orcs
  9 bats
  2 giant cockroaches
  7 goblins
  9 hobgoblins
  23 jackals
  29 kobolds
  6 quokkas
  3 ball pythons
  8 frilled lizards
  A giant cockroach zombie (D:5)
  9 rats
  A spectral orc (D:6)
1010 creatures vanquished.

Vanquished Creatures (others)
  A redback (Spider:4)
  2 orcs
  A quokka (D:3)
  20 fungi
  13 plants
37 creatures vanquished.

Grand Total: 1047 creatures vanquished

Notes
Turn   | Place    | Note
-------+----------+-------------------------------------------
     0 | D:1      | JeffiDaFish the Gargoyle Fighter began the quest for the Orb.
     0 | D:1      | Reached XP level 1. HP: 14/14 MP: 1/1
   301 | D:1      | Reached XP level 2. HP: 16/19 MP: 2/2
   694 | D:1      | Reached XP level 3. HP: 24/24 MP: 3/3
  1432 | D:2      | Reached XP level 4. HP: 24/29 MP: 4/4
  1463 | D:2      | Found an iron altar of Okawaru.
  1463 | D:2      | Found a faded altar of an unknown god.
  1468 | D:2      | Found a faded altar of an unknown god.
  1471 | D:2      | Became a worshipper of Warmaster Okawaru
  1474 | D:2      | Found a faded altar of an unknown god.
  1476 | D:2      | Found a stormy altar of Qazlal.
  1845 | D:3      | Found a hazy altar of Hepliaklqana.
  1967 | D:3      | Reached skill level 1 in Dodging
  1967 | D:3      | Reached XP level 5. HP: 28/33 MP: 5/5
  2172 | D:3      | Noticed Ijyb
  2184 | D:3      | Killed Ijyb
  2231 | D:3      | Found a white marble altar of Elyvilon.
  2746 | D:3      | Noticed Natasha
  2754 | D:3      | Killed Natasha
  2754 | D:3      | Reached XP level 6. HP: 32/38 MP: 6/6
  2916 | D:3      | Noticed Natasha
  2924 | D:3      | Killed Natasha
  2924 | D:3      | Reached * piety under Okawaru
  3019 | D:3      | Reached XP level 7. HP: 38/44 MP: 7/7
  3049 | D:3      | Reached skill level 5 in Shields
  3064 | D:3      | Reached skill level 5 in Maces & Flails
  3970 | D:4      | Reached ** piety under Okawaru
  3970 | D:4      | Reached XP level 8. HP: 48/48 MP: 8/8
  4331 | D:5      | Entered Level 5 of the Dungeon
  4664 | D:5      | Reached skill level 5 in Fighting
  4762 | D:5      | Reached skill level 5 in Armour
  4806 | D:5      | Found a burning altar of Makhleb.
  4806 | D:5      | Found a shadowy altar of Dithmenos.
  5275 | D:6      | Found a staircase to the Ecumenical Temple.
  5397 | D:6      | Noticed michaelg83's ghost (novice HOFi)
  5409 | D:6      | Killed michaelg83's ghost
  5456 | D:6      | Reached XP level 9. HP: 23/54 MP: 9/9
  5698 | D:6      | Reached *** piety under Okawaru
  5742 | D:6      | Found a basalt altar of Yredelemnul.
  5934 | D:6      | Found a sacrificial altar of Ru.
  6451 | D:7      | Found Lidimofy's Antique Armour Shoppe.
  6455 | D:7      | Bought a glowing helmet for 189 gold pieces
  6617 | D:7      | Found an ancient bone altar of Kikubaaqudgha.
  7275 | D:8      | Reached **** piety under Okawaru
  7396 | D:8      | Reached XP level 10. HP: 42/61 MP: 10/10
  7764 | D:8      | Noticed Gastronok
  7782 | D:8      | Killed Gastronok
  8344 | D:8      | Reached ***** piety under Okawaru
  8437 | D:9      | Reached skill level 10 in Maces & Flails
  8466 | D:9      | Noticed Psyche
  8489 | D:9      | Killed Psyche
  8669 | D:9      | Reached XP level 11. HP: 67/67 MP: 11/11
  8730 | D:9      | Found a staircase to the Lair.
  8812 | D:9      | Noticed Grum
  8829 | D:9      | Killed Grum
  8874 | D:9      | Noticed Joseph
  8909 | D:9      | Killed Joseph
  9155 | D:9      | Identified a scroll of acquirement
  9233 | Lair:1   | Entered Level 1 of the Lair of Beasts
  9338 | Lair:1   | Reached ****** piety under Okawaru
  9741 | Lair:2   | Noticed a catoblepas
  9758 | Lair:2   | Killed a catoblepas
  9790 | Lair:2   | Reached skill level 1 in Stealth
  9799 | Lair:2   | Reached skill level 10 in Shields
  9853 | Lair:2   | Received a gift from Okawaru
 10245 | Lair:2   | Noticed a six-headed hydra
 10266 | Lair:2   | Killed a six-headed hydra
 10526 | Lair:2   | Reached XP level 12. HP: 75/75 MP: 12/12
 10748 | Lair:2   | Received a gift from Okawaru
 10753 | Lair:2   | Got a jade-encrusted chain mail {god gift}
 10754 | Lair:2   | Identified the +1 chain mail of Lies {rC- Int+5 SInv Stlth+} (Okawaru gifted it to you on level 2 of the Lair of Beasts)
 11087 | Lair:2   | Noticed an eight-headed hydra
 11093 | Lair:2   | Killed an eight-headed hydra
 11842 | Lair:3   | Found a hole to the Spider Nest.
 12784 | Lair:4   | Gained mutation: Your mind is acute. (Int +2) [potion of beneficial mutation]
 13466 | Lair:4   | Reached skill level 10 in Armour
 13733 | Lair:4   | Received a gift from Okawaru
 14023 | Lair:4   | Reached skill level 10 in Fighting
 14027 | Lair:4   | Reached XP level 13. HP: 58/82 MP: 13/13
 14184 | Lair:5   | Reached skill level 5 in Dodging
 14458 | Lair:5   | Found a staircase to the Slime Pits.
 14608 | Lair:5   | Reached skill level 1 in Invocations
 14914 | Lair:5   | Received a gift from Okawaru
 15153 | Lair:6   | Entered Level 6 of the Lair of Beasts
 15809 | Lair:6   | Found a frozen archway.
 15898 | IceCv    | Entered an ice cave
 16580 | IceCv    | Gained mutation: Your large and strong wings let you fly indefinitely. [Gargoyle growth]
 16580 | IceCv    | Reached XP level 14. HP: 81/90 MP: 16/16
 16650 | IceCv    | Found an ancient bone altar of Kikubaaqudgha.
 16841 | IceCv    | Received a gift from Okawaru
 18116 | D:10     | Entered Level 10 of the Dungeon
 18405 | D:10     | Received a gift from Okawaru
 18414 | D:10     | Identified the +3 eveningstar "Wiosur" {freeze, *Noise MR+ Dex+2} (Okawaru gifted it to you on level 10 of the Dungeon)
 18896 | D:11     | Gained mutation: You are robust. (+10% HP) [potion of beneficial mutation]
 18897 | D:11     | Gained mutation: You are agile. (Dex +2) [potion of beneficial mutation]
 18963 | D:11     | Noticed Maurice
 18977 | D:11     | Killed Maurice
 19040 | D:11     | Found Sufuut's General Store.
 19485 | D:11     | You fall through a shaft for 2 floors!
 19911 | D:13     | Received a gift from Okawaru
 19978 | D:13     | Identified a +0 pair of boots of running (Okawaru gifted it to you on level 13 of the Dungeon)
 20495 | D:12     | Reached skill level 5 in Invocations
 20577 | D:12     | Noticed Sonja
 20595 | D:12     | Killed Sonja
 20832 | D:12     | Reached XP level 15. HP: 38/105 MP: 18/18
 21288 | D:12     | Found a staircase to the Orcish Mines.
 22346 | D:14     | Found a gate to the Vaults.
 22697 | D:14     | Found an opulent altar of Gozag.
 22778 | D:14     | Received a gift from Okawaru
 22899 | D:15     | Entered Level 15 of the Dungeon
 23224 | D:15     | Found a snail-covered altar of Cheibriados.
 23256 | D:15     | Found a staircase to the Depths.
 23350 | D:15     | Received a gift from Okawaru
 23862 | Orc:1    | Entered Level 1 of the Orcish Mines
 23939 | Orc:2    | Entered Level 2 of the Orcish Mines
 23957 | Orc:2    | Found Sarou's Assorted Antiques.
 24335 | Orc:2    | Bought a potion of heal wounds for 140 gold pieces
 24551 | Orc:2    | Found a staircase to the Elven Halls.
 24695 | Orc:2    | Found a roughly hewn altar of Beogh.
 24708 | Orc:2    | Found Hitamih's Distillery.
 24713 | Orc:2    | Bought a potion of agility for 48 gold pieces
 24713 | Orc:2    | Bought a potion of might for 48 gold pieces
 24713 | Orc:2    | Bought a potion of agility for 48 gold pieces
 24734 | Orc:2    | Found a roughly hewn altar of Beogh.
 24751 | Orc:2    | Found Poaqatoh's General Store.
 25095 | Orc:2    | Found a roughly hewn altar of Beogh.
 25139 | Orc:2    | Noticed an orc warlord
 25170 | Orc:2    | Killed an orc warlord
 25170 | Orc:2    | Reached XP level 16. HP: 110/114 MP: 20/20
 25255 | Orc:2    | Found Gadog's Antique Weapon Shop.
 25256 | Orc:2    | Found a roughly hewn altar of Beogh.
 25267 | Orc:2    | Found Zynoul's Antique Armour Boutique.
 25653 | Orc:1    | Found Tuleluz's Antique Armour Shoppe.
 25807 | Orc:1    | Bought a runed helmet for 325 gold pieces
 25807 | Orc:1    | Bought a shiny helmet for 325 gold pieces
 25997 | Spider:1 | Entered Level 1 of the Spider Nest
 26161 | Spider:1 | Noticed Asterion
 26187 | Spider:1 | Killed Asterion
 26187 | Spider:1 | Reached skill level 15 in Maces & Flails
 26382 | Spider:1 | Received a gift from Okawaru
 27738 | Spider:3 | Noticed Mara
 27773 | Spider:3 | Noticed JeffiDaFish's illusion
 27795 | Spider:3 | Killed Mara
 27795 | Spider:3 | Received a gift from Okawaru
 27795 | Spider:3 | Received a gift from Okawaru
 28075 | Spider:3 | Reached skill level 15 in Shields
 28603 | Spider:4 | Entered Level 4 of the Spider Nest
 28648 | Spider:4 | Reached XP level 17. HP: 26/122 MP: 0/22
 28867 | Spider:4 | Received a gift from Okawaru
 29196 | Spider:4 | Slain by a redback

Skill      XL: |  1  2  3  4  5  6  7  8  9 10 11 12 13 14 15 16 17 |
---------------+----------------------------------------------------+-----
Shields        | 4 5 6 7 9 10 11 12 13 14 15 | 15.3
Maces & Flails | 3 4 6 7 8 10 12 13 14 15 | 15.7
Armour         | 4 5 7 8 10 11 12 13 14 | 14.5
Dodging        | 1 2 3 4 5 6 7 8 |  8.0
Fighting       | 4 5 6 7 8 10 11 12 13 14 | 14.4
Stealth        | 1 |  1.2
Invocations    | 3 5 6 7 |  7.8

Action                   |  1- 3 |  4- 6 |  7- 9 | 10-12 | 13-15 | 16-18 || total
-------------------------+-------+-------+-------+-------+-------+-------++-------
Melee: Flail             |   175 |   321 |   498 |   358 |       |       ||  1352
       Morningstar       |       |       |       |   446 |   756 |       ||  1202
       Eveningstar       |       |       |       |       |  1101 |   781 ||  1882
Invok: Finesse           |       |       |       |       |     3 |     3 ||     6
       Heroism           |       |       |       |       |       |     1 ||     1
 Abil: Fly               |       |       |       |       |       |     1 ||     1
  Use: Scroll            |     5 |     5 |    12 |    11 |    13 |     6 ||    52
       Potion            |     3 |     4 |     8 |     6 |     8 |     4 ||    33
  Eat: Chunk             |     2 |     6 |    14 |    19 |    37 |    13 ||    91
       Meat ration       |       |       |     2 |       |       |       ||     2
       Royal jelly       |       |       |       |       |     1 |       ||     1
Armor: Scale mail        |   119 |   253 |   178 |       |       |       ||   550
       Chain mail        |       |       |   149 |    61 |       |       ||   210
       Plate armour      |       |       |       |   478 |   909 |   426 ||  1813
Dodge: Dodged            |    67 |   180 |   191 |   270 |   537 |   561 ||  1806
Block: Shield            |   120 |   249 |   311 |   554 |  1216 |   741 ||  3191
       Reflection        |       |       |       |       |    12 |     4 ||    16
